 Dungeon Crawl Stone Soup version 0.30.1-11-g7821555f0a (webtiles) character file.

Game seed: 1400994707813036460

3432 griz the Severer (level 9, -1/75 HPs)
             Began as a Minotaur Berserker on Jan 10, 2024.
             Was an Elder of Trog.
             Succumbed to a hornet's poison
             ... on level 8 of the Dungeon on Jan 11, 2024.
             The game lasted 00:33:25 (6569 turns).

griz the Severer (Minotaur Berserker)               Turns: 6569, Time: 00:33:25

Health: -1/75      AC:  8    Str: 29    XL:     9   Next: 77%
Magic:  5/8        EV: 11    Int:  4    God:    Trog [****..]
Gold:   245        SH:  3    Dex: 10    Spells: 8/8 levels left

rFire   . . .        I - +1 war axe
rCold   . . .        q - +0 buckler
rNeg    . . .        f - +1 ring mail
rPois   .            (helmet restricted)
rElec   .            y - +0 cloak
rCorr   .            (no gloves)
SInv    .            (no boots)
Will    ++...        l - amulet of guardian spirit
Stlth   +            t - +3 ring of strength
HPRegen 1.32/turn    (no ring)
MPRegen 0.11/turn

%: guardian spirit
@: brilliant, lethally poisoned (-1 -> -5), strong-willed, flying, regenerating,
slowed, very slow
A: horns 2, retaliatory headbutt
a: Renounce Religion, Berserk, Trog's Hand, Brothers in Arms


You were on level 8 of the Dungeon.
You worshipped Trog.
Trog was greatly pleased with you.
You visited 1 branch of the dungeon, and saw 8 of its levels.
You also visited: Sewer and Ossuary.

You collected 355 gold pieces.
You spent 110 gold pieces at shops.

Inventory:

Hand Weapons
 a - a +0 hand axe
 x - a +4 quarterstaff of chaos
 I - a +1 war axe (weapon)
Armour
 b - a +0 animal skin
 f - a +1 ring mail (worn)
 q - a +0 buckler (worn)
 y - a +0 cloak (worn)
Jewellery
 l - an amulet of guardian spirit (around neck)
 t - a +3 ring of strength (left hand)
 u - a +6 ring of dexterity
Wands
 m - a wand of polymorph (4)
 p - a wand of roots (17)
 L - a wand of mindburst (3)
Scrolls
 c - 2 scrolls of teleportation
 d - 2 scrolls of enchant armour
 i - a scroll of noise
 j - 3 scrolls of enchant weapon
 k - a scroll of summoning
 w - a scroll of immolation
 G - a scroll of poison
 H - a scroll of acquirement
 J - 2 scrolls of magic mapping
 K - a scroll of torment
Potions
 e - 2 potions of lignification {unknown}
 g - 4 potions of brilliance
 h - 2 potions of flight
 n - a potion of berserk rage
 o - a potion of attraction
 r - 2 potions of heal wounds {unknown}
 s - a potion of resistance {unknown}
 v - 2 potions of degeneration
 z - 2 potions of cancellation
 A - a potion of invisibility
 B - 4 potions of mutation {unknown}
 C - 2 potions of haste
 D - 2 potions of ambrosia
 F - 7 potions of curing {unknown}
 M - a potion of magic


   Skills:
 - Level 5.7 Fighting
 * Level 15.3 Axes
 - Level 4.3 Armour
 - Level 3.8 Dodging
 - Level 0.4 Stealth
 - Level 0.3 Shields


You had 8 spell levels left.
You didn't know any spells.
Your spell library was empty.

Dungeon Overview and Level Annotations

Branches:
Dungeon (8/15)             Temple (0/1) D:4           Sewer (visited)
Ossuary (visited)
   Lair: D:8-11

Altars:
Cheibriados
Hepliaklqana
Sif Muna
Wu Jian
The Shining One

Shops:
D:1 [   D:3 =


Innate Abilities, Weirdness & Mutations

You have a pair of horns on your head.
You reflexively headbutt those who attack you in melee.


Message History

You are more poisoned.
You feel as though you will be slow longer.
The shadow imp barely misses you.
You hit the hornet.
The hornet is severely wounded.
You hit the shadow imp.
You feel very sick. You block the hornet's attack. The hornet stings you.
You are more poisoned.
You feel as though you will be slow longer.
The shadow imp closely misses you.
Your skin crawls.
You feel strong-willed.
You feel extremely sick. The hornet stings you!
* * * LOW HITPOINT WARNING * * *
You are lethally poisoned!
You feel as though you will be slow longer.
The shadow imp lashes its tail.
The shadow imp closely misses you.
The hornet stings you but does no damage.
You slash the hornet! You headbutt the hornet.
You kill the hornet!
Trog accepts your kill.
You slash the shadow imp!
You kill the shadow imp!
Trog accepts your kill.
* * * LOW HITPOINT WARNING * * *
You feel extremely sick.
Your Axes skill increases to level 15!
* * * LOW HITPOINT WARNING * * *
You feel extremely sick.
It was a potion of brilliance.
You feel clever all of a sudden.
* * * LOW HITPOINT WARNING * * *
You feel very sick.
It was a potion of flight.
You feel very buoyant.
You fly up into the air.
You die...

.... #......
....###.....# #
.............#..
..................
##...............#
........#..=....#
........#.......#
..........†@.#
........#....#...
........#.(.......
..............##..
..##..<#####..#
###.# .... ...
..... .#... .....
.####.. ...


There were no monsters in sight!

Vanquished Creatures
  Joseph (D:7)
  A hornet (D:8)
  Sigmund (D:2)
  A wraith (Ossuary)
  A wyvern (D:4)
  2 water moccasins (D:7)
  Pargi (D:3)
  2 sky beasts
  An ice beast (D:7)
  A black bear (D:4)
  3 ogres
  A phantom (D:6)
  A kobold brigand (Sewer)
  A gnoll sergeant (D:6)
  A scorpion (D:7)
  3 wights (D:6)
  2 jellies
  8 hounds
  A gnoll bouda (D:5)
  2 orc priests
  Crazy Yiuf (D:7)
  A sleepcap (D:6)
  Jessica (D:3)
  3 iguanas
  Terence (D:2)
  An orc wizard (D:7)
  A mummy (Ossuary)
  17 gnolls
  A river rat (D:4)
  14 adders
  3 shadow imps
  A white imp (D:7)
  An ufetubus (D:4)
  3 dart slugs
  4 worms
  22 orcs
  6 ball pythons
  10 endoplasms
  A giant cockroach (D:1)
  4 goblins
  10 hobgoblins
  10 jackals
  3 quokkas
  6 bats
  A frilled lizard (D:2)
  8 gnoll skeletons (Ossuary)
  14 kobolds
  4 kobold skeletons (Ossuary)
  12 orc skeletons (Ossuary)
  14 rats
213 creatures vanquished.

Notes
Turn   | Place    | Note
-------+----------+-------------------------------------------
     0 | D:1      | griz the Minotaur Berserker began the quest for the Orb.
     0 | D:1      | Reached XP level 1. HP: 19/19 MP: 0/0
   270 | D:1      | Reached XP level 2. HP: 27/27 MP: 1/1
   473 | D:1      | Reached skill level 4 in Axes
   742 | D:1      | Found Weyp's Armour Shop.
   883 | D:2      | Noticed Sigmund
   912 | D:2      | Reached ** piety under Trog
   913 | D:2      | Reached XP level 3. HP: 32/33 MP: 2/2
   996 | D:2      | Noticed Terence
  1009 | D:2      | Killed Terence
  1010 | D:2      | Reached XP level 4. HP: 41/41 MP: 3/3
  1107 | D:2      | Reached skill level 5 in Axes
  1243 | D:2      | Killed Sigmund
  1244 | D:2      | Reached skill level 5 in Fighting
  1244 | D:2      | Reached skill level 6 in Axes
  1244 | D:2      | Reached XP level 5. HP: 32/48 MP: 4/4
  1530 | D:3      | Found Qusoaj's One-of-a-Kind Rings.
  1674 | D:3      | Noticed Pargi
  1687 | D:3      | Killed Pargi
  1688 | D:3      | Reached XP level 6. HP: 56/56 MP: 5/5
  1790 | D:3      | Bought a +3 ring of strength for 110 gold pieces
  1834 | D:3      | Noticed Jessica
  1841 | D:3      | Killed Jessica
  2203 | D:4      | Found a staircase to the Ecumenical Temple.
  2404 | D:4      | Reached skill level 7 in Axes
  2404 | D:4      | Reached XP level 7. HP: 62/62 MP: 6/6
  2480 | D:4      | Reached *** piety under Trog
  2536 | D:4      | Found a glowing drain.
  2541 | Sewer    | Entered a sewer
  2803 | Sewer    | Reached skill level 8 in Axes
  3133 | D:4      | Noticed a wyvern
  3140 | D:4      | Killed a wyvern
  3141 | D:4      | Reached skill level 9 in Axes
  3142 | D:4      | Reached XP level 8. HP: 70/70 MP: 5/7
  3254 | D:5      | Entered Level 5 of the Dungeon
  3343 | D:5      | Reached skill level 10 in Axes
  3531 | D:5      | Reached **** piety under Trog
  4179 | D:5      | Reached skill level 11 in Axes
  4689 | D:6      | Found a sand-covered staircase.
  4695 | Ossuary  | Entered an ossuary
  4976 | D:6      | Reached skill level 12 in Axes
  5286 | D:6      | Identified a scroll of acquirement
  5421 | D:6      | Reached XP level 9. HP: 69/75 MP: 6/8
  5546 | D:6      | Reached skill level 13 in Axes
  5994 | D:7      | Reached skill level 14 in Axes
  6156 | D:7      | Found a snail-covered altar of Cheibriados.
  6156 | D:7      | Found a hazy altar of Hepliaklqana.
  6161 | D:7      | Found an ornate altar of the Wu Jian Council.
  6163 | D:7      | Found a shimmering blue altar of Sif Muna.
  6163 | D:7      | Found a glowing golden altar of the Shining One.
  6168 | D:7      | Noticed Joseph
  6182 | D:7      | Killed Joseph
  6506 | D:7      | Found a runed translucent door.
  6507 | D:7      | Noticed Crazy Yiuf
  6513 | D:7      | Killed Crazy Yiuf
  6560 | D:8      | Paralysed by a hornet for 2 turns
  6567 | D:8      | Reached skill level 15 in Axes
  6568 | D:8      | HP: 1/75 [poisoned by a hornet]
  6569 | D:8      | Succumbed to a hornet's poison

Illustrated notes

Levels and vault maps discovered:
D:1:      nzn_arrival_depleted_hourglass, layout_basic, serial_shops,
          nicolae_shop_window_shopping
D:2:      layout_rooms, uniq_terence, uniq_sigmund
D:3:      layout_rooms, nicolae_shop_unique_rings, uniq_jessica, uniq_pargi
D:4:      layout_rooms, minmay_temple_entry_hall, lightli_sewer_entry_pipes,
          minmay_misc_feat_chi
D:5:      layout_loops_corners
D:6:      layout_loops_ring, nicolae_ossuary_entry_plus
D:7:      layout_rooms, grunt_temple_overflow_open, dk_noncrumbling_3,
          uniq_joseph, uniq_crazy_yiuf_cottage
D:8:      layout_cave_pools, grunt_temple_overflow_forces_of_nature,
          serial_shops, nicolae_shop_pleasant_corner_grove, uniq_erica

Skill      XL: |  1  2  3  4  5  6  7  8  9 |
---------------+----------------------------+-----
Fighting       | 4 5 |  5.7
Axes           | 4 6 7 9 12 15 | 15.3
Armour         | 3 4 |  4.3
Dodging        | 3 |  3.8
Stealth        | |  0.4
Shields        | |  0.3

Action                     |  1- 3 |  4- 6 |  7- 9 || total
---------------------------+-------+-------+-------++-------
  Melee: Hand axe          |    72 |   122 |   186 ||   380
         Headbutt          |    12 |    15 |    60 ||    87
         Punch             |       |     1 |       ||     1
         War axe           |       |       |   189 ||   189
 Invoke: Berserk           |       |     2 |     4 ||     6
         Trog's Hand       |       |     1 |     4 ||     5
    Use: Scroll            |       |       |    21 ||    21
         Potion            |       |       |     2 ||     2
 Armour: Animal skin       |     3 |       |       ||     3
         Ring mail         |     3 |    37 |    79 ||   119
         Skin              |     2 |       |       ||     2
  Dodge: Dodged            |    40 |    72 |   168 ||   280
  Block: Buckler           |       |     8 |    28 ||    36
